 Dungeon Crawl Stone Soup version 0.18-a0-1577-gf591c28 (webtiles) character file.

55 namelastname112 the Slasher (level 3, 0/30 HPs)
             Began as a Draconian Gladiator on Mar 19, 2016.
             Succumbed to Sigmund's poison
             ... on level 3 of the Dungeon.
             The game lasted 00:01:44 (1814 turns).

namelastname112 the Slasher (Draconian Gladiator)   Turns: 1814, Time: 00:01:44

Health: 0/30       AC:  5    Str: 24    XL:     3   Next: 67%
Magic:  3/3        EV: 13    Int: 13    God:
Gold:   126        SH:  0    Dex: 12    Spells: 0 memorised, 2 levels left

rFire  . . .     SeeInvis .     a - +0 long sword
rCold  . . .     Gourm    +     (armour unavailable)
rNeg   . . .     Faith    .     (no shield)
rPois  .         Spirit   .     b - +0 hat
rElec  .         Dismiss  .     (no cloak)
rCorr  .         Reflect  .     (no gloves)
SustAt .         Harm     .     (no boots)
MR     .....                    e - amulet of the gourmand
Stlth  ++........               u - +2 ring of strength
                                s - ring of stealth

@: mighty, brilliant, lethally poisoned (0 -> -8), not resistant to hostile
enchantments, unstealthy
A: unfitting armour, cold-blooded, AC +5
a: no special abilities


You were on level 3 of the Dungeon.
You were very full.

You visited 1 branch of the dungeon, and saw 3 of its levels.

You collected 126 gold pieces.

Inventory:

Hand Weapons
 a - a +0 long sword (weapon)
Missiles
 c - 2 throwing nets (quivered)
Armour
 b - a +0 hat (worn)
Jewellery
 e - an amulet of the gourmand (around neck)
 s - a ring of stealth (left hand)
 t - an uncursed ring of fire
 u - a +2 ring of strength (right hand)
Scrolls
 f - a scroll of fear {unknown}
 g - a scroll of enchant weapon {unknown}
 i - a scroll of amnesia {unknown}
 k - a scroll of immolation {unknown}
 m - 4 scrolls of identify {unknown}
 n - a scroll of recharging {unknown}
 o - a scroll of blinking {unknown}
 q - a scroll of remove curse {unknown}
 r - 2 scrolls of teleportation {unknown}
Potions
 h - a potion of heal wounds {unknown}
 w - a potion of might
Comestibles
 d - a bread ration
 j - a meat ration
 p - a beef jerky
 v - 5 chunks of flesh


   Skills:
 + Level 2.7 Fighting
 * Level 3.7 Long Blades
 + Level 2.4 Throwing
 + Level 3.0 Dodging


You had 2 spell levels left.
You didn't know any spells.

Dungeon Overview and Level Annotations

Branches:
Dungeon (3/15)

Altars:

Annotations:
D:3 Sigmund


Innate Abilities, Weirdness & Mutations

Your plain brown scales are hard (AC +5).
Your body does not fit into most forms of armour.
You are cold-blooded and may be slowed by cold attacks.


Message History

A puff of flame appears from out of thin air!
The puff of flame hits you!
The giant cockroach bites you but does no damage.
You miss something. The giant cockroach misses you.
Something completely misses you. The giant cockroach barely misses you.
You hit something but do no damage. You tail-slap something.
You feel sick.
The giant cockroach bites you but does no damage.
Something hits you!
* * * LOW HITPOINT WARNING * * *
Drink which item? (? for menu, Esc to quit)
It was a potion of might.
You feel very mighty all of a sudden. The giant cockroach barely misses you.
Something hits you.
* * * LOW HITPOINT WARNING * * *
You are more poisoned.
The giant cockroach closely misses you.
Drink which item? (? for menu, Esc to quit)
It was a potion of brilliance.
You feel clever all of a sudden.
You die...

############
...........###
#####...#.#<#
#.....#.#.#.###
#.##..#.#.#...#
#.##..#.#.###.#
#.....#.#.###.#
###..##.#.....#
#s@.....#####.#
#>...{#...###
#.# #.#..g#...#
### ##......#
...#....#
##########


You could see a giant cockroach and a hobgoblin.

Vanquished Creatures
  An adder (D:2)
  An ooze (D:2)
  A worm (D:2)
  A dart slug (D:1)
  A giant gecko (D:2)
  8 goblins
  4 hobgoblins
  7 jackals
  4 bats (D:2)
  A giant newt (D:2)
  3 rats
32 creatures vanquished.

Notes
Turn   | Place    | Note
--------------------------------------------------------------
     0 | D:1      | namelastname112 the Draconian Gladiator began the quest for the Orb.
     0 | D:1      | Reached XP level 1. HP: 17/17 MP: 1/1
   434 | D:1      | Reached XP level 2. HP: 24/24 MP: 2/2
   977 | D:2      | Reached XP level 3. HP: 4/30 MP: 3/3
  1797 | D:3      | Noticed Sigmund
  1813 | D:3      | HP: 1/30 [something (5)]
  1814 | D:3      | Succumbed to Sigmund's poison

Vault maps used:
D:1:      scummos_arrival_gate, dk_noncrumbling_4, st_stairs_7, minivault_5
D:3:      first_bread, uniq_robin, uniq_sigmund, uniq_grinder

Skill      XL: |  1  2  3 |
---------------+----------+-----
Throwing       | 2 |  2.4
Dodging        | 3 |  3.0
Fighting       | |  2.7
Long Blades    | |  3.7

Action                   || total
-------------------------++-------
Melee: Long sword        ||   102
Throw: Throwing net      ||     1
  Use: Potion            ||     2
 Stab: Sleeping          ||     2
  Eat: Chunk             ||    11
